Map: Abandoned Camp

Players

SCSIx

  • Race: Terran Terran
  • Spawn Location: 7:00

LiquidSwords

  • Race: Protoss Protoss
  • Spawn Location: 11:00

Django

  • Race: Protoss Protoss
  • Spawn Location: 9:00

JaHa - Winner!

  • Race: Protoss Protoss
  • League: Gold
  • Spawn Location: 5:00

ROUGHNECKSST - Winner!

  • Race: Zerg Zerg
  • Spawn Location: 3:00

Infamous - Winner!

  • Race: Protoss Protoss
  • League: Silver
  • Spawn Location: 3:00

VOD

Have the link to the VOD?

Description

Time

  • Played on: March 30, 2018, 11:19 a.m.
  • Length: 8:27
Show
View Real Time Build Order
Export as new Build Order

SCSIx Terran 

Build Orders: Cyclone Opening 

Get SALT Encoding   

  12  0:03  SCV  
  13  0:15  SCV  
  14  0:25  Supply Depot  
  14  0:27  SCV  
  15  0:35  Refinery  
  15  0:47  SCV  
  16  0:52  Barracks  
  16  0:58  Refinery  
  16  1:12  Barracks  
  16  1:16  SCV  
  17  1:28  SCV  
  18  1:40  SCV  
  18  1:41  Supply Depot  
  19  1:54  Factory  
  19  1:57  Barracks Tech Lab  
  19  2:01  SCV  
  20  2:09  Barracks Tech Lab  
  20  2:13  SCV  
  21  2:30  Reaper  
  21  2:31  Reaper  
  23  2:46  Cyclone  
  26  3:02  Reaper  
  27  3:14  Starport  
  27  4:08  Reaper x2  
  29  4:13  Liberator  
  28  4:40  Marauder x2  
  30  4:50  Orbital Command  
  30  5:01  Reaper  
  30  5:02  Factory  
  31  5:11  Command Center  
  31  5:15  Supply Depot  
  31  5:17  Supply Depot  
  31  5:18  Supply Depot  
  31  5:33  Marine  
  31  5:37  Marauder  
  28  5:57  Marine, Reaper  
  29  6:16  Reaper  
  30  6:23  Barracks  
  30  6:24  Barracks  
  27  6:27  Factory Tech Lab  
  27  6:28  Barracks, Factory Tech Lab  
  27  6:33  Starport  
  27  6:34  Starport  
  26  6:43  Marine  
  1  7:57  Factory Reactor x2  
  1  8:04  Barracks Reactor  
  1  8:07  Barracks Reactor  
Show
View Real Time Build Order
Export as new Build Order

LiquidSwords Protoss 

Build Orders:  

Get SALT Encoding   

  12  0:03  Probe  
  13  0:15  Probe  
  13  0:19  Pylon  
  14  0:27  Probe  
  15  0:41  Gateway  
  15  0:42  Probe (Chrono Boost)  
  16  0:48  Assimilator  
  16  0:51  Probe (Chrono Boost)  
  16  0:56  Probe (Chrono Boost)  
  18  1:08  Probe (Chrono Boost)  
  19  1:15  Probe (Chrono Boost)  
  20  1:22  Probe  
  21  1:27  Pylon  
  21  1:32  Cybernetics Core  
  21  1:34  Probe  
  21  1:37  Assimilator  
  22  1:42  Pylon  
  22  1:46  Probe  
  23  1:58  Probe  
  24  2:13  Stargate  
  24  2:21  Nexus  
  24  2:26  Pylon  
  24  2:30  Warp Gate (Chrono Boost)  
  24  2:35  Probe  
  25  2:43  Forge  
  25  2:47  Probe  
  26  2:59  Pylon, Probe  
  27  3:06  Void Ray (Chrono Boost)  
  27  3:11  Probe  
  32  3:31  Probe  
  32  3:33  Probe  
  34  3:42  Void Ray (Chrono Boost)  
  34  3:43  Probe  
  34  3:46  Probe  
  40  3:55  Probe  
  41  4:05  Assimilator  
  41  4:07  Probe x2  
  41  4:09  Assimilator  
  43  4:21  Void Ray (Chrono Boost)  
  43  4:22  Stargate  
  47  4:56  Probe x2  
  47  4:57  Fleet Beacon  
  49  5:08  Probe x2  
  51  5:20  Probe  
  52  5:49  Void Ray  
  56  5:50  Probe x2  
  58  6:02  Probe x2  
  60  6:19  Stargate  
  60  6:22  Pylon  
  60  6:26  Pylon  
  60  6:27  Void Ray  
  60  6:29  Pylon  
  60  6:31  Probe x2  
  60  6:32  Void Ray  
  70  6:40  Photon Cannon  
  70  6:42  Photon Cannon  
  72  7:40  Probe x2, Gateway  
  74  7:52  Probe  
  74  7:55  Gateway  
  74  7:57  Gateway  
  75  8:09  Gateway  
Show
View Real Time Build Order
Export as new Build Order

Django Protoss 

Build Orders:  

Get SALT Encoding   

  12  0:06  Probe (Chrono Boost)  
  13  0:18  Probe (Chrono Boost)  
  14  0:26  Probe (Chrono Boost)  
  14  0:27  Pylon  
  15  0:40  Assimilator  
  15  0:51  Probe  
  16  0:59  Gateway  
  16  1:03  Probe  
  17  1:16  Probe  
  18  1:28  Probe  
  19  1:36  Pylon  
  19  1:46  Pylon  
  19  1:50  Cybernetics Core  
  19  1:56  Probe  
  20  2:03  Assimilator  
  20  2:08  Probe  
  21  2:20  Probe, Gateway, Warp Gate (Chrono Boost)  
  22  2:23  Gateway  
  22  2:33  Probe  
  23  2:39  Pylon  
  23  2:46  Robotics Facility  
  23  3:06  Nexus  
  23  3:13  Stalker  
  23  3:17  Stalker  
  28  3:34  Observer  
  28  3:44  Probe  
  29  3:56  Probe  
  30  4:08  Probe  
  31  4:12  Assimilator  
  31  4:17  Assimilator  
  31  4:20  Pylon  
  31  4:23  Pylon  
  31  4:27  Pylon  
  31  4:29  Probe x2  
  33  4:40  Stalker  
  33  4:41  Probe x2, Forge  
  33  4:43  Pylon, Stalker  
  39  4:56  Probe (Chrono Boost)  
  39  4:57  Probe (Chrono Boost)  
  41  5:03  Immortal  
  37  5:18  Zealot  
  37  5:19  Zealot  
  29  5:30  Stalker  
  31  5:41  Stalker x2  
  25  5:58  Stalker  
  25  6:20  Photon Cannon  
  25  6:22  Probe x2  
  27  6:34  Probe x2  
  29  6:41  Stalker  
  29  6:46  Probe x2  
  33  6:58  Probe x2  
  33  7:10  Probe  
  32  7:28  Stalker x3  
  34  7:51  Stalker  
  34  7:52  Stalker x2  
  34  7:53  Gateway  
Show
View Real Time Build Order
Export as new Build Order

JaHa Protoss - Winner!

Build Orders:  

Get SALT Encoding   

  12  0:04  Probe (Chrono Boost)  
  14  0:14  Probe (Chrono Boost)  
  14  0:21  Pylon  
  14  0:30  Pylon  
  14  0:32  Probe  
  15  0:44  Probe  
  16  0:58  Gateway  
  16  1:00  Gateway  
  16  1:09  Gateway  
  16  1:33  Gateway  
  16  1:36  Gateway  
  16  1:37  Pylon  
  16  1:41  Probe (Chrono Boost)  
  17  1:50  Probe (Chrono Boost)  
  18  1:55  Zealot  
  18  1:56  Zealot  
  22  2:08  Zealot  
  24  2:21  Zealot  
  24  2:22  Zealot  
  28  2:23  Zealot  
  30  2:31  Assimilator  
  30  2:33  Assimilator  
  30  2:34  Probe (Chrono Boost)  
  31  2:42  Probe (Chrono Boost)  
  31  2:43  Zealot  
  34  2:59  Cybernetics Core  
  34  3:02  Probe (Chrono Boost)  
  35  3:12  Probe (Chrono Boost)  
  36  3:13  Assimilator  
  36  3:17  Probe (Chrono Boost)  
  37  3:28  Probe  
  38  3:40  Probe  
  39  3:51  Pylon  
  39  4:09  Stalker x3  
  45  4:11  Warp Gate (Chrono Boost)  
  45  4:17  Pylon  
  45  4:18  Stalker  
  47  4:35  Stalker  
  49  4:39  Stalker x3  
  55  4:59  Pylon  
  55  5:24  Pylon  
  55  5:57  Nexus  
  55  6:00  Pylon  
  55  6:10  Stalker x3  
  55  6:11  Stalker x2  
  59  7:21  Stalker x3  
  59  7:22  Stalker x2  
  67  7:29  Probe  
  69  7:30  Probe  
  69  7:31  Assimilator  
  69  7:42  Probe x2  
  71  7:54  Probe  
  72  8:10  Pylon  
  72  8:12  Pylon  
  72  8:23  Pylon  
Show
View Real Time Build Order
Export as new Build Order

ROUGHNECKSST Zerg - Winner!

Build Orders: Hatch First 

Get SALT Encoding   

  12  0:29  Hatchery  
  11  1:00  Drone x2  
  11  1:01  Drone  
  14  1:04  Spawning Pool  
  13  1:14  Overlord  
  13  1:26  Drone  
  14  1:45  Drone  
  14  1:46  Drone  
  16  1:51  Drone  
  16  1:53  Queen  
  19  1:55  Queen  
  19  2:00  Drone  
  22  2:05  Drone  
  23  2:09  Extractor  
  23  2:11  Zergling x2  
  23  2:15  Extractor, Drone  
  23  2:35  Drone x2  
  25  2:43  Drone  
  26  2:58  Drone  
  27  3:00  Lair  
  27  3:09  Drone  
  27  3:11  Overlord x2  
  27  3:12  Overlord  
  28  3:55  Spine Crawler  
  28  3:59  Zergling x22  
  37  4:12  Spine Crawler  
  37  4:13  Drone x2  
  38  4:29  Spore Crawler  
  37  4:36  Drone x2  
  37  4:39  Spore Crawler  
  37  4:43  Hydralisk Den  
  32  5:31  Hydralisk x5  
  32  5:32  Hydralisk x3  
  41  6:15  Hydralisk x5  
  51  6:27  Overlord x3  
  51  6:31  Grooved Spines  
  51  6:47  Drone x2  
  51  7:46  Hydralisk x11  
Show
View Real Time Build Order
Export as new Build Order

Infamous Protoss - Winner!

Build Orders:  

Get SALT Encoding   

  12  0:03  Probe  
  13  0:18  Probe  
  14  0:22  Pylon  
  15  0:35  Probe (Chrono Boost)  
  15  0:41  Gateway  
  15  0:47  Probe (Chrono Boost)  
  16  0:54  Probe (Chrono Boost)  
  17  0:57  Assimilator  
  17  1:22  Probe  
  18  1:30  Cybernetics Core  
  19  1:47  Probe  
  19  1:55  Nexus  
  19  1:56  Pylon  
  19  2:02  Probe  
  19  2:06  Warp Gate (Chrono Boost)  
  20  2:13  Assimilator  
  20  2:14  Probe  
  20  2:15  Pylon  
  21  2:30  Pylon  
  21  2:38  Probe  
  22  2:51  Gateway  
  22  2:52  Gateway  
  22  3:03  Pylon  
  22  3:09  Probe x2  
  24  3:25  Probe x2, Gateway  
  24  3:48  Forge  
  22  4:00  Probe  
  22  4:06  Adept x3  
  28  4:24  Adept  
  28  4:26  Adept  
  28  4:27  Adept  
  32  4:36  Adept  
  32  4:37  Probe x2  
  36  4:49  Probe x2  
  38  4:55  Pylon  
  38  5:05  Probe x2  
  40  5:17  Probe  
  37  5:41  Adept  
  37  5:42  Adept x3  
  37  6:08  Pylon x2  
  37  6:14  Probe x2  
  39  6:19  Stalker x2  
  39  6:20  Stalker x2  
  47  6:36  Photon Cannon  
  47  6:37  Probe  
  47  6:38  Photon Cannon  
  48  6:40  Photon Cannon  
  48  6:51  Forge  
  48  7:01  Gateway  
  48  7:03  Probe x2  
  48  7:08  Sentry x4  
  58  7:18  Pylon  
  58  7:35  Gateway  
  58  7:40  Gateway  
  58  7:42  Gateway  
  58  7:51  Adept x2  
  58  7:52  Stalker x2  
  66  8:22  Stalker  
  66  8:23  Stalker x3  
Tags
 
Add a new tag
Caveats
  • Supply blocks, unpowered buildings, or Contaminate may cause inaccurate times.
  • Supply counts are checked every 10 seconds.